Unix NetHack Version 5.0.0-0 post-release - last build Jul 14 2026 02:55:29 (1809b74e8187c3a3585e283601c3028b46cbbdcb,branch:main).

Game began 2026-07-13 11:45:29, ended 2026-07-14 03:20:27.

Booker, lawful male human Knight

                                        ----
                                         ..|
                                          .|
                         --           ----.-----
                        --.           -........
                        ....           .......
                          ....        --......--
                            ....     --........---
--                            ... -  |...........
|..                            -...---..........--
 ..--                           -................
  -.--                              ............|
  |.%-----                          --..........|
  |....|.--     ----         ------.| -.G......-
  --..%...----  |..|          ......------.G...| ...  --
   ---.|.....| --..--        --...|........-@....-  ...|
     -----.|.---...%----------....--------........^....-
         --|..)%........%................<......|.......|
           ------.---------------------------..---.-- | |
                ---                         ----  --
Booker the Esquire       St:17 Dx:10 Co:12 In:8 Wi:15 Ch:17  Lawful S:796
Dlvl:4  $:0  HP:0(36) Pw:33(33) AC:2  Xp:4/137 T:1851  Burdened

Latest messages:
 The straw golem misses MrEd.
 MrEd hits the straw golem.
 MrEd bites the straw golem.
 You miss the monkey.
 The monkey misses!
 The monkey bites!
 The straw golem misses!
 The straw golem hits!
 MrEd misses the straw golem.
 MrEd bites the straw golem.
 The straw golem is destroyed!
 MrEd hits the monkey.
 The monkey is killed!
 You have a little trouble lifting J - a saddle.
 What do you want to use or apply? [bstJ or ?*] J
 In what direction? y
 You put the saddle on MrEd.
 MrEd hits the gnome.
 MrEd misses the gnome.
 MrEd hits the gnome.
 The gnome is killed!
 The gnome wields 5 daggers!
 The gnome thrusts one of his daggers.
 The gnome hits!
 You miss the gnome.
 You kill the gnome!
 You have a little trouble lifting K - a candle.
 There is a gnome corpse here; eat it? [ynq] (n) y
 This gnome corpse is gamey.
 You finish eating the gnome corpse.
 You see here a gnome corpse.
 You kill the gnome!
 You have a little trouble lifting L - a candle.
 M - a white gem.
 The gnome lord wields a rusty aklys!
 The gnome lord secures the tether on the aklys.
 You have a little trouble lifting N - a jade ring.
 There is nothing here to pick up.
 The gnome lord throws an aklys!
 An aklys misses you.
 The aklys returns to the gnome lord's hand!
 You miss the gnome lord.
 The gnome lord swings his aklys.
 The gnome lord hits!
 You hit the gnome lord.
 The gnome lord swings his aklys.
 The gnome lord hits!
 The gnome lord swings his aklys.
 The gnome lord hits!
 You die...

Inventory:
 Weapons  (')')
  a - a blessed +1 long sword (weapon in right hand)
  b - an uncursed +1 lance
 Armor    ('[')
  f - an uncursed +0 pair of leather gloves (being worn)
  H - an uncursed +0 pair of iron shoes (being worn)
  e - an uncursed +0 small shield (being worn)
  I - an uncursed +0 dwarvish cloak (being worn)
  c - an uncursed +1 ring mail (being worn)
 Comestibles  ('%')
  g - 7 uncursed apples
  h - 10 uncursed carrots
 Rings    ('=')
  N - a cursed ring of fire resistance
  l - an uncursed +3 ring of gain strength (on left hand)
 Tools    ('(')
  s - an uncursed oilskin sack containing 15 items
  t - an uncursed skeleton key
  K - a blessed tallow candle
  L - an uncursed tallow candle
 Gems/Stones  ('*')
  M - an uncursed dilithium crystal
  F - an uncursed worthless piece of green glass
  G - an uncursed worthless piece of white glass

Contents of the oilskin sack:
  32 gold pieces
  an uncursed food ration
  an uncursed scroll of confuse monster
  an uncursed scroll of enchant weapon
  a blessed scroll of identify
  3 uncursed scrolls of identify
  an uncursed scroll of magic mapping
  an uncursed scroll of punishment
  an uncursed potion of confusion
  an uncursed potion of hallucination
  an uncursed potion of healing
  an uncursed potion of speed
  a potion of holy water
  a cursed can of grease (0:13)
  3 uncursed worthless pieces of yellow glass

Booker the Knight's attributes:

Background:
 You were an Esquire, a level 4 male human Knight.
 You were lawful, nominally on a mission for Lugh
 who was opposed by Brigit (neutral) and Manannan Mac Lir (chaotic).
 You were right-handed.
 You were in the Gnomish Mines, on level 4.
 You entered the dungeon 1851 turns ago.
 It was nighttime.
 There was a new moon in effect when your adventure ended.
 You had 137 experience points, 23 more were needed to attain level 5.
 Your score was 796 before end-of-game adjustments.

Basics:
 You had 0 out of 36 hit points.
 You had all 33 energy points (spell power).
 Your armor class was 2.
 Your wallet was empty, but
 you had 32 zorkmids stashed away in your pack.
 Autopickup was on for '$%?!"=/' plus thrown, with exceptions.

Final Characteristics:
 Your strength was 17 (base:14, limit:18/100).
 Your dexterity was 10 (limit:18).
 Your constitution was 12 (limit:18).
 Your intelligence was 8 (limit:18).
 Your wisdom was 15 (limit:18).
 Your charisma was 17 (limit:18).

Final Status:
 You weren't hungry.
 You were burdened; movement was slightly slowed.
 You were wielding a long sword.
 You had basic skill with long sword.

Final Attributes:
 You were devoutly aligned.
 Your items were somewhat protected from fire.
 Your items were somewhat protected from cold.
 You were telepathic.
 You could jump.
 You were warded.
 You are dead.

Miscellaneous:
 You disabled loading and storing of bones levels.
 Total elapsed playing time was 1 hour, 46 minutes and 57 seconds.

Major events:
 Turn
    1: Booker the lawful male human Knight entered the dungeon
  731: attained the rank of Esquire (level 3)
 1659: entered the Gnomish Mines
 1851: killed by a gnome lord

You didn't know any spells.

Skills:
 Fighting Skills
   bare handed combat [Unskilled]
   two weapon combat  [Unskilled]
   riding             [Basic]
 Weapon Skills
   dagger             [Unskilled]
   knife              [Unskilled]
   axe                [Unskilled]
   pick-axe           [Unskilled]
   short sword        [Unskilled]
   broadsword         [Unskilled]
   long sword         [Basic]
   two-handed sword   [Unskilled]
   saber              [Unskilled]
   club               [Unskilled]
   mace               [Unskilled]
   morning star       [Unskilled]
   flail              [Unskilled]
   hammer             [Unskilled]
   polearms           [Unskilled]
   spear              [Unskilled]
   trident            [Unskilled]
   lance              [Basic]
   bow                [Unskilled]
   crossbow           [Unskilled]
 Spellcasting Skills
   attack spells      [Unskilled]
   healing spells     [Unskilled]
   clerical spells    [Unskilled]

Voluntary challenges:
 Character rerolling was not enabled.
 You were an atheist.
 You never genocided any monsters.
 You never polymorphed an object.
 You never changed form.
 You used no wishes.
Achievements:
 You entered a shop.
 You attained the rank of Esquire.
 You entered the Gnomish Mines.

 The Dungeons of Doom: levels 1 to 4
    Level 1:
    Level 2:
       A scroll shop.
    Level 3:
       Stairs down to The Gnomish Mines.
    Level 4:
 The Gnomish Mines:
    Level 4: <- You were here.
       Final resting place for
          you, killed by a gnome lord.


Vanquished creatures:
  a large mimic
  a straw golem
  2 floating eyes
  a dwarf
  a monkey
 an iguana
  a cave spider
  a yellow mold
  5 gnomes
  2 geckos
  4 jackals
  a fox
  2 kobolds
  2 goblins
  2 sewer rats
  2 grid bugs
  2 lichens
  6 newts
37 creatures vanquished.

No species were genocided or became extinct.

Game over:
                       ----------
                      /          \
                     /    REST    \
                    /      IN      \
                   /     PEACE      \
                  /                  \
                  |      Booker      |
                  |      32 Au       |
                  |   killed by a    |
                  |    gnome lord    |
                  |                  |
                  |                  |
                  |       2026       |
                 *|     *  *  *      | *
        _________)/\\_//(\/(/\)/\//\/|_)_______

Fare thee well Booker the Knight...

You died in The Gnomish Mines on dungeon level 4 with 793 points,
and 32 pieces of gold, after 1851 moves.
You were level 4 with a maximum of 36 hit points when you died.

